 Dungeon Sprint DCSS version 0.26-a0-649-gf8c6c3aab7 (webtiles) character file.

Game seed: 9480643752492004737

2575 sahdkjhfkaj the Zephyrmancer (level 9, -9/62 HPs)
             Began as a Tengu Air Elementalist on Sept 26, 2020.
             Was a High Priest of Sif Muna.
             Mangled by a six-headed hydra (14 damage)
             ... in the Dungeon (Sprint IX: "|||||||||||||||||||||||||||||").
             The game lasted 00:04:31 (1483 turns).

sahdkjhfkaj the Zephyrmancer (TeAE)                 Turns: 1483, Time: 00:04:31

Health: -9/62      AC:  4    Str: 10    XL:     9   Next: 57%
Magic:  8/23       EV: 21    Int: 18    God:    Sif Muna [*****.]
Gold:   9          SH:  0    Dex: 14    Spells: 9/27 levels left

rFire    . . .     SeeInvis .   k - +2 scimitar (holy)
rCold    . . .     Faith    .   (no shield)
rNeg     . . .     Spirit   .   a - +0 robe
rPois    .         Reflect  .   (helmet restricted)
rElec    .         Harm     .   (no cloak)
rCorr    .         Rampage  .   (no gloves)
MR       .....     NoTele   +   (boots unavailable)
Stlth    ++........             (no amulet)
HPRegen  0.20/turn              l - +2 ring of evasion
MPRegen  0.18/turn              m - +2 ring of protection

@: no status effects
A: beak, talons 3, able to fly
a: Fly, Channel Magic, Forget Spell, Divine Exegesis, Renounce Religion


You were in the Dungeon.
You worshipped Sif Muna.
Sif Muna was extremely pleased with you.
You visited 1 branch You collected 9 gold pieces.

Inventory:

Hand Weapons
 k - a +2 scimitar of holy wrath (weapon)
Armour
 a - a +0 robe (worn)
Jewellery
 l - a +2 ring of evasion (left hand)
 m - a +2 ring of protection (right hand)
Wands
 j - a wand of iceblast (10)
 q - a wand of polymorph (9)
Scrolls
 g - 3 scrolls of remove curse
 h - a scroll of blinking
 i - 2 scrolls of amnesia
 r - 3 scrolls of identify
 s - a scroll of fear
 t - 2 scrolls of enchant weapon
Potions
 b - a potion of brilliance
 c - 5 potions of curing
 d - 4 potions of heal wounds
 e - a potion of haste
 f - 3 potions of magic
 n - a potion of stabbing
 o - a potion of berserk rage
 p - a potion of mutation


   Skills:
 + Level 10.2 Fighting
 + Level 11.3 Dodging
 - Level 2.0 Stealth
 + Level 9.6 Spellcasting
 - Level 1.3 Conjurations
 * Level 12.4 Air Magic
 + Level 7.6 Invocations


You had 9 spell levels left.
You knew the following spells:

 Your Spells              Type           Power        Failure   Level
a - Shock                 Conj/Air       ####         1%          1
b - Airstrike             Air            ######....   1%          4
c - Lightning Bolt        Conj/Air       ####......   13%         5
d - Chain Lightning       Conj/Air       ####......   100%        8

Your spell library contained the following spells:

 Spells                   Type           Power        Failure   Level
 Swiftness                Air            ######..     1%          2
 Static Discharge         Conj/Air       ####....     1%          3
 Spider Form              Tmut/Pois      #.........   26%         3
 Hydra Form               Tmut           #.........   100%        6
 Spellforged Servitor     Conj/Summ      ##........   100%        7


Dungeon Overview and Level Annotations

Branches:
Dungeon (1/1)

Altars:
Cheibriados
Dithmenos
Elyvilon
Fedhas
Gozag
Hepliaklqana
Kikubaaqudgha
Makhleb
Nemelex Xobeh
Okawaru
Qazlal
Ru
Sif Muna
Trog
Uskayaw
Vehumet
Wu Jian
Xom
Yredelemnul
Zin
The Shining One
Beogh
Jiyva
Lugonu


Innate Abilities, Weirdness & Mutations

You have a beak for a mouth.
You have claws for feet.
You can fly continuously.


Message History

Confirm with . or Enter, or press ? or * to list all spells.
The spell is quite dangerous to cast (14% risk of failure)!
Continue anyway?
Aiming: Lightning Bolt (quite dangerous; 14% risk of failure)
Press: ? - help, Shift-Dir - straight line, f/p - six-headed hydra
Aim: a six-headed hydra (moderately wounded)
You hear a mighty clap of thunder!
The bolt of lightning hits the six-headed hydra!
The six-headed hydra is heavily wounded.
The bolt of lightning hits the elephant!
The elephant is heavily wounded.
The bolt of lightning hits the porcupine!!
You kill the porcupine!
Sif Muna accepts your kill. The six-headed hydra bites you!
* * * LOW HITPOINT WARNING * * *
The six-headed hydra bites you!
* * * LOW HITPOINT WARNING * * *
The six-headed hydra bites you but does no damage.
The six-headed hydra bites you!
You die...

▓.▓_▓
▓.▓.▓_▓
▓.▓.▓_▓
▓h▓.▓_▓
▓.▓.▓_▓
▓.▓.▓_▓
▓Y▓.▓_▓
▓D▓.▓_▓
▓@▓.▓_▓
▓.▓.▓_▓
▓.▓.▓_▓
▓.▓.▓_▓
▓.▓.▓_▓
▓.▓.▓_▓
▓.▓.▓_▓
▓.▓.▓_▓
▓.▓.▓_▓


You could see a six-headed hydra, an elephant and a wolf.

Vanquished Creatures
  A hydra (D)
  A cane toad (D)
  A komodo dragon (D)
  A slime creature (D)
  A hippogriff (D)
  An acid dragon (D)
  A water moccasin (D)
  2 porcupines (D)
  An orc warrior (D)
  3 crocodiles (D)
  3 bullfrogs (D)
  A hound (D)
  An orc priest (D)
  A worker ant (D)
  An adder (D)
  An ufetubus (D)
  An adder zombie (D)
  An adder skeleton (D)
  2 orcs (D)
  A bat zombie (D)
  A goblin (D)
  A jackal (D)
  A ball python (D)
  A bat (D)
  A frilled lizard (D)
  A jackal skeleton (D)
  A jackal zombie (D)
  A kobold (D)
34 creatures vanquished.

Notes
Turn   | Place    | Note
-------+----------+-------------------------------------------
     0 | D        | sahdkjhfkaj the Tengu Air Elementalist began the quest for
                  | the Orb.
     0 | D        | Reached XP level 1. HP: 10/10 MP: 4/4
     8 | D        | Reached skill level 1 in Fighting
    56 | D        | Noticed a hound
    61 | D        | Reached skill level 5 in Air Magic
    61 | D        | Reached XP level 2. HP: 16/16 MP: 0/6
    65 | D        | Reached skill level 6 in Air Magic
    65 | D        | Reached XP level 3. HP: 22/22 MP: 0/8
    66 | D        | Reached skill level 7 in Air Magic
   125 | D        | Found a roughly hewn altar of Beogh.
   125 | D        | Found a snail-covered altar of Cheibriados.
   125 | D        | Found a shadowy altar of Dithmenos.
   125 | D        | Found a white marble altar of Elyvilon.
   125 | D        | Found a blossoming altar of Fedhas.
   125 | D        | Found an opulent altar of Gozag.
   126 | D        | Found a hazy altar of Hepliaklqana.
   127 | D        | Found a viscous altar of Jiyva.
   128 | D        | Found an ancient bone altar of Kikubaaqudgha.
   129 | D        | Found a corrupted altar of Lugonu.
   130 | D        | Found a burning altar of Makhleb.
   131 | D        | Found a sparkling altar of Nemelex Xobeh.
   132 | D        | Found an iron altar of Okawaru.
   133 | D        | Found a stormy altar of Qazlal.
   134 | D        | Found a sacrificial altar of Ru.
   135 | D        | Found a shimmering blue altar of Sif Muna.
   136 | D        | Found a bloodstained altar of Trog.
   137 | D        | Found a hide-covered altar of Uskayaw.
   138 | D        | Found a radiant altar of Vehumet.
   139 | D        | Found an ornate altar of the Wu Jian Council.
   140 | D        | Found a shimmering altar of Xom.
   141 | D        | Found a basalt altar of Yredelemnul.
   142 | D        | Found a glowing silver altar of Zin.
   143 | D        | Found a glowing golden altar of the Shining One.
   145 | D        | Became a worshipper of Sif Muna the Loreminder
   194 | D        | Reached * piety under Sif Muna
   194 | D        | Reached XP level 4. HP: 26/28 MP: 4/10
   197 | D        | Reached ** piety under Sif Muna
   197 | D        | Reached skill level 8 in Air Magic
   280 | D        | Learned a level 4 spell: Airstrike
   285 | D        | Noticed a hippogriff
   285 | D        | Noticed an acid dragon
   285 | D        | Noticed an orc warrior
   285 | D        | Noticed a slime creature
   295 | D        | Reached skill level 5 in Dodging
   295 | D        | Gained mutation: You can fly continuously. [Tengu growth]
   295 | D        | Reached XP level 5. HP: 21/33 MP: 4/12
   298 | D        | Killed an orc warrior
   298 | D        | Reached skill level 9 in Air Magic
   303 | D        | Killed a slime creature
   303 | D        | Reached *** piety under Sif Muna
   303 | D        | Reached skill level 5 in Fighting
   303 | D        | Reached skill level 5 in Spellcasting
   303 | D        | Reached skill level 11 in Air Magic
   303 | D        | Reached XP level 6. HP: 28/41 MP: 1/15
   304 | D        | Killed a hippogriff
   304 | D        | Reached skill level 12 in Air Magic
   304 | D        | Reached XP level 7. HP: 32/47 MP: 0/18
   421 | D        | Learned a level 5 spell: Lightning Bolt
   570 | D        | Noticed a cane toad
   574 | D        | Noticed a komodo dragon
   585 | D        | Killed a cane toad
   585 | D        | Reached **** piety under Sif Muna
   585 | D        | Reached XP level 8. HP: 36/55 MP: 12/21
   585 | D        | Reached skill level 10 in Dodging
   679 | D        | Killed a komodo dragon
   679 | D        | Reached ***** piety under Sif Muna
   679 | D        | Reached skill level 10 in Fighting
   943 | D        | Noticed a five-headed hydra
  1211 | D        | Killed a five-headed hydra
  1211 | D        | Identified Sif Muna's Incunabulum of Confrontation and
                  | Transmigration (Sif Muna gifted it to you in the Dungeon)
  1211 | D        | Received a gift from Sif Muna
  1211 | D        | Reached XP level 9. HP: 24/62 MP: 8/23
  1222 | D        | Learned a level 8 spell: Chain Lightning
  1480 | D        | Noticed an elephant
  1480 | D        | Noticed a six-headed hydra
  1483 | D        | Mangled by a six-headed hydra

Illustrated notes

Levels and vault maps discovered:
D:        linesprint [early_d, line_temple, items_1, d_10, items_2, lair_1,
          lair_end, items_3, orc_1, orc_end, items_4, d_15, swamp_1, shoals_1,
          snake_1, spider_1, d_20, vaults_1, items_5, swamp_end, shoals_end,
          snake_end, spider_end, vaults_end, d_27, items_6, zot_1, zot_end,
          crypt_end, forest_end, elf_end, slime_end, tomb_end, abyss_end,
          pan_hell_end]

Skill      XL: |  1  2  3  4  5  6  7  8 |
---------------+-------------------------+-----
Fighting       | 1 2 3 4 5 6 8 10 | 10.2
Air Magic      | 5 6 7 8 11 12 | 12.4
Dodging        | 3 4 5 6 7 9 11 | 11.3
Spellcasting   | 3 4 5 6 8 9 |  9.6
Invocations    | 7 |  7.6
Stealth        | |  2.0
Conjurations   | |  1.3

Action                   |  1- 3 |  4- 6 |  7- 9 || total
-------------------------+-------+-------+-------++-------
Melee: Unarmed           |    13 |       |       ||    13
       Kick              |     2 |     1 |     1 ||     4
       Peck              |     2 |       |       ||     2
       Scimitar          |       |     3 |     1 ||     4
 Cast: Shock             |    10 |    16 |    15 ||    41
       Airstrike         |       |       |    10 ||    10
       Lightning Bolt    |       |       |    14 ||    14
Invok: Channel Magic     |       |       |     2 ||     2
  Use: Potion            |     1 |     2 |     1 ||     4
       Scroll            |       |       |     1 ||     1
Armor: Ring mail         |     3 |     3 |       ||     6
       Robe              |       |       |     4 ||     4
Dodge: Dodged            |    11 |     9 |    37 ||    57
       Rpst.: Scimitar   |       |     4 |     9 ||    13

Table legend: (Time is in decaauts)
 A = Elapsed time spent in this place.
 B = Non-inter-level travel time spent in this place.
 C = Inter-level travel time spent in this place.
 D = Time resting spent in this place.
 E = Time spent auto-exploring this place.
 F = Levels seen in this place.
 G = Mean time per level.
                   A        B        C        D        E       F      G
               +--------+--------+--------+--------+--------+-----+--------+
         Total |   1492 |   1492 |      0 |    321 |    790 |   1 | 1492.0 |
       Dungeon |   1492 |   1492 |      0 |    321 |    790 |   1 | 1492.0 |
               +--------+--------+--------+--------+--------+-----+--------+

Top non-repeatable levels by time:
       D: 1492 daAuts
